BR
ATLANTIC CITY WAR DOGS @ PUNTA CANA HUTIAS
09/16/2026
 
TOP OF THE 1ST
Boise White Sox batting - Pitching for Punta Cana Hutias : RHP Bob Holland
Pitching: RHP Bob Holland
Batting: RHB Armando Vega 0-0: SINGLE (Line Drive, 89S)
Batting: RHB Don Miller 0-0: Ball
1-0: Called Strike
1-1: Ball
2-1: Ball
3-1: Grounds into double play, 5-4-3 (Groundball, 5)
Batting: SHB Norberto Muńóz 0-0: Ball
1-0: Ball
2-0: Ball
3-0: Called Strike
3-1: Base on Balls
Batting: RHB Roberto Ybarra Pickoff Throw to First - Out!
Top of the 1st over - 0 run(s), 1 hit(s), 0 error(s), 0 left on base; Boise 0 - Punta Cana 0
BOTTOM OF THE 1ST
Punta Cana Hutias batting - Pitching for Boise White Sox : RHP Doug Spencer
Pitching: RHP Doug Spencer
Batting: LHB Henry Durham 0-0: Foul Ball, location: 2F
0-1: Called Strike
0-2: Fly out, F8 (Line Drive, 8LM)
Batting: LHB Marvin Nichols 0-0: Called Strike
0-1: Ball
1-1: Ball
2-1: Foul Ball, location: 2F
2-2: Ball
3-2: Foul Ball, location: 2F
3-2: Strikes out swinging
Batting: LHB Jon Quinn 0-0: Swinging Strike
0-1: Called Strike
0-2: Strikes out looking
Bottom of the 1st over - 0 run(s), 0 hit(s), 0 error(s), 0 left on base; Boise 0 - Punta Cana 0
TOP OF THE 2ND
Boise White Sox batting - Pitching for Punta Cana Hutias : RHP Bob Holland
Batting: RHB Roberto Ybarra 0-0: Called Strike
0-1: Foul Ball, location: 2F
0-2: Foul Ball, location: 2F
0-2: Ball
1-2: SINGLE (Line Drive, 8LS)
Batting: RHB Clarence Harrison 0-0: Ball
1-0: Ball
2-0: SINGLE (Groundball, 25) (infield hit)
Roberto Ybarra to second
Batting: RHB Bill Spence 0-0: Foul Ball, location: 2F
0-1: Ball
1-1: Ball
2-1: Called Strike
2-2: Ball
3-2: SINGLE (Line Drive, 56D)
Roberto Ybarra to third
Clarence Harrison to second
Batting: RHB Pascal Bolzoni 0-0: Called Strike
0-1: Swinging Strike
0-2: Fly out, F9 (Flyball, 89M)
Runner from 3rd tags up, SCORES, throw made
Batting: RHB Jason Nava 0-0: Called Strike
Clarence Harrison steals 3rd base
Bill Spence to second
0-1: Ball
1-1: Called Strike
1-2: Strikes out looking
Batting: LHB Randy Wiggins 0-0: Ball
1-0: Fly out, F2 (Popup, 25F)
Top of the 2nd over - 1 run(s), 3 hit(s), 0 error(s), 2 left on base; Boise 1 - Punta Cana 0
BOTTOM OF THE 2ND
Punta Cana Hutias batting - Pitching for Boise White Sox : RHP Doug Spencer
Batting: RHB Carlos Ruíz 0-0: Swinging Strike
0-1: Swinging Strike
0-2: Ball
1-2: Foul Ball, location: 2F
1-2: SINGLE (Groundball, 6S)
Batting: SHB Alonso Contrera 0-0: Ball
1-0: Ball
2-0: Fly out, F8 (Flyball, 89XD)
Batting: LHB Gustavo Gómez 0-0: Ball
1-0: Ball
2-0: Ball
3-0: Called Strike
3-1: Swinging Strike
3-2: Fielders Choice at 2nd, 3-6 (Groundball, 3)
Batting: RHB Jim Norris 0-0: Called Strike
0-1: Swinging Strike
0-2: Ball
1-2: Strikes out swinging
Bottom of the 2nd over - 0 run(s), 1 hit(s), 0 error(s), 1 left on base; Boise 1 - Punta Cana 0
TOP OF THE 3RD
Boise White Sox batting - Pitching for Punta Cana Hutias : RHP Bob Holland
Batting: RHB Armando Vega 0-0: Ground out 6-3 (Groundball, 6M)
Batting: RHB Don Miller 0-0: Ball
1-0: Foul Ball, location: 2F
1-1: Ball
2-1: Swinging Strike
2-2: Strikes out swinging
Batting: SHB Norberto Muńóz 0-0: Swinging Strike
0-1: Called Strike
0-2: Ball
1-2: Fly out, F7 (Flyball, 78XD)
Top of the 3rd over - 0 run(s), 0 hit(s), 0 error(s), 0 left on base; Boise 1 - Punta Cana 0
BOTTOM OF THE 3RD
Punta Cana Hutias batting - Pitching for Boise White Sox : RHP Doug Spencer
Batting: RHB Jason Fuller 0-0: Bunt for hit - play at first, batter safe!
Batting: RHB Alberto García 0-0: Grounds into double play, 4-6-3 (Groundball, 4)
Batting: LHB Henry Durham 0-0: Ball
1-0: DOUBLE (Flyball, 8RM)
Batting: LHB Marvin Nichols 0-0: Ball
1-0: Called Strike
1-1: Ball
2-1: Swinging Strike
2-2: Strikes out swinging
Bottom of the 3rd over - 0 run(s), 2 hit(s), 0 error(s), 1 left on base; Boise 1 - Punta Cana 0
TOP OF THE 4TH
Boise White Sox batting - Pitching for Punta Cana Hutias : RHP Bob Holland
Batting: RHB Roberto Ybarra 0-0: Called Strike
0-1: Fly out, F8 (Line Drive, 8RD)
Batting: RHB Clarence Harrison 0-0: Called Strike
0-1: Called Strike
0-2: Ball
1-2: Strikes out looking
Batting: RHB Bill Spence 0-0: Called Strike
0-1: Ball
1-1: Ball
2-1: Fly out, F9 (Flyball, 89M)
Top of the 4th over - 0 run(s), 0 hit(s), 0 error(s), 0 left on base; Boise 1 - Punta Cana 0
BOTTOM OF THE 4TH
Punta Cana Hutias batting - Pitching for Boise White Sox : RHP Doug Spencer
Batting: LHB Jon Quinn 0-0: Fly out, F9 (Flyball, 9D)
Batting: RHB Carlos Ruíz 0-0: Ball
1-0: Fly out, F8 (Line Drive, 8LM)
Batting: SHB Alonso Contrera 0-0: Fly out, F8 (Flyball, 78S)
Bottom of the 4th over - 0 run(s), 0 hit(s), 0 error(s), 0 left on base; Boise 1 - Punta Cana 0
TOP OF THE 5TH
Boise White Sox batting - Pitching for Punta Cana Hutias : RHP Bob Holland
Batting: RHB Pascal Bolzoni 0-0: SINGLE (Line Drive, 8LS)
Batting: RHB Jason Nava 0-0: Ball
1-0: Ball
2-0: Grounds into double play, 5-4-3 (Groundball, 5)
Batting: LHB Randy Wiggins 0-0: Called Strike
0-1: Ball
1-1: Ball
2-1: Foul Ball, location: 2F
2-2: Strikes out swinging
Top of the 5th over - 0 run(s), 1 hit(s), 0 error(s), 0 left on base; Boise 1 - Punta Cana 0
BOTTOM OF THE 5TH
Punta Cana Hutias batting - Pitching for Boise White Sox : RHP Doug Spencer
Batting: LHB Gustavo Gómez 0-0: Ball
1-0: Called Strike
1-1: Ball
2-1: SINGLE (Line Drive, 8RS)
Batting: RHB Jim Norris 0-0: Fly out, F7 (Flyball, 7LM)
Batting: RHB Jason Fuller 0-0: Ball
1-0: Fielders Choice at 2nd, 6-4 (Groundball, 56)
Batting: RHB Alberto García 0-0: Swinging Strike
0-1: Called Strike
0-2: Ball
1-2: Strikes out looking
Bottom of the 5th over - 0 run(s), 1 hit(s), 0 error(s), 1 left on base; Boise 1 - Punta Cana 0
TOP OF THE 6TH
Boise White Sox batting - Pitching for Punta Cana Hutias : RHP Bob Holland
Batting: RHB Armando Vega 0-0: Foul Ball, location: 2F
0-1: Ball
1-1: Ball
2-1: Ground out 4-3 (Groundball, 4)
Batting: RHB Don Miller 0-0: Ball
1-0: Fly out, F9 (Line Drive, 89M)
Batting: SHB Norberto Muńóz 0-0: Foul Ball, location: 2F
0-1: Foul Ball, location: 2F
0-2: Foul Ball, location: 2F
0-2: Ball
1-2: SINGLE (Line Drive, 78S)
Batting: RHB Roberto Ybarra 0-0: Called Strike
0-1: Foul Ball, location: 2F
0-2: Strikes out swinging
Top of the 6th over - 0 run(s), 1 hit(s), 0 error(s), 1 left on base; Boise 1 - Punta Cana 0
BOTTOM OF THE 6TH
Punta Cana Hutias batting - Pitching for Boise White Sox : RHP Doug Spencer
Batting: LHB Henry Durham 0-0: Ball
1-0: Called Strike
1-1: Ball
2-1: Fly out, F7 (Flyball, 7LM)
Batting: LHB Marvin Nichols 0-0: Foul Ball, location: 2F
0-1: Ball
1-1: SINGLE (Groundball, 56D)
Batting: LHB Jon Quinn 0-0: Ball
1-0: Ball
2-0: Foul Ball, location: 2F
2-1: Grounds out, U3 (Groundball, 3L)
Batting: RHB Carlos Ruíz 0-0: Called Strike
0-1: Reached on error, E5 (Groundball, 5S)
Marvin Nichols to third
Batting: SHB Alonso Contrera 0-0: Called Strike
0-1: Called Strike
0-2: Ball
1-2: Ground out 4-3 (Groundball, 4)
Bottom of the 6th over - 0 run(s), 1 hit(s), 1 error(s), 2 left on base; Boise 1 - Punta Cana 0
TOP OF THE 7TH
Boise White Sox batting - Pitching for Punta Cana Hutias : RHP Bob Holland
Batting: RHB Clarence Harrison 0-0: Ball
1-0: Ball
2-0: Foul Ball, location: 2F
2-1: Called Strike
2-2: Strikes out swinging, 2-3 out at first.
Pitching: RHP Ed Castillo
Batting: RHB Bill Spence 0-0: SINGLE (Line Drive, 34)
Pinch Hitting: LHB Jorge Martínez 0-0: Ball
1-0: Foul Ball, location: 2F
1-1: Ball
2-1: Fielders Choice at 2nd, 6-4 (Groundball, 6)
Batting: RHB Jason Nava 0-0: Ball
1-0: Called Strike
Jorge Martínez is caught stealing 2nd base
Top of the 7th over - 0 run(s), 1 hit(s), 0 error(s), 0 left on base; Boise 1 - Punta Cana 0
BOTTOM OF THE 7TH
Punta Cana Hutias batting - Pitching for Boise White Sox : RHP Doug Spencer
Now in RF: Jorge Martínez
Batting: LHB Gustavo Gómez 0-0: Swinging Strike
0-1: Swinging Strike
0-2: DOUBLE (Flyball, 7LM)
Pinch Hitting: RHB Rubén Hernández 0-0: Ball
1-0: Ball
2-0: Called Strike
2-1: Foul Ball, location: 2F
2-2: Fly out, F7 (Line Drive, 7S)
Pitching: LHP Anthony Blackwell
Pinch Hitting: RHB Armando Arellano 0-0: Ball
1-0: Ball
2-0: Ground out 4-3 (Groundball, 4)
Gustavo Gómez to third
Batting: RHB Alberto García 0-0: Fly out, F8 (Flyball, 8LM)
Bottom of the 7th over - 0 run(s), 1 hit(s), 0 error(s), 1 left on base; Boise 1 - Punta Cana 0
TOP OF THE 8TH
Boise White Sox batting - Pitching for Punta Cana Hutias : RHP Ed Castillo
Now at 3B: Armando Arellano
Now in LF: Ron Campbell
Batting: RHB Jason Nava 0-0: Ball
1-0: Swinging Strike
1-1: Ball
2-1: Foul Ball, location: 2F
2-2: Ball
3-2: Strikes out swinging
Batting: LHB Randy Wiggins 0-0: SINGLE (Groundball, 6MD) (infield hit)
Pinch Hitting: LHB Francisco Chavero 0-0: Ball
Randy Wiggins steals 2nd base
1-0: Intentional Walk
Batting: RHB Don Miller 0-0: Foul Ball, location: 2F
0-1: Ball
1-1: Foul Ball, location: 2F
1-2: Fielders Choice at 2nd, 6-4 (Groundball, 6)
Randy Wiggins to third
Batting: SHB Norberto Muńóz 0-0: Ball
1-0: SINGLE (Groundball, 56D)
Randy Wiggins scores
Don Miller to second
Batting: RHB Roberto Ybarra 0-0: Fly out, F8 (Line Drive, 8RD)
Top of the 8th over - 1 run(s), 2 hit(s), 0 error(s), 2 left on base; Boise 2 - Punta Cana 0
BOTTOM OF THE 8TH
Punta Cana Hutias batting - Pitching for Boise White Sox : LHP Anthony Blackwell
Now at 2B: Dennis House
Batting: LHB Henry Durham 0-0: Ball
1-0: SINGLE (Groundball, 6MD) (infield hit)
Batting: LHB Marvin Nichols 0-0: Ball
1-0: Grounds out, U3 (Groundball, 3L)
Batting: LHB Jon Quinn 0-0: Ball
1-0: Called Strike
1-1: Foul Ball, location: 2F
1-2: Ground out U3 (Groundball, 3S)
Henry Durham to third
Pitching: RHP Jim Rawnsley
Batting: RHB Carlos Ruíz 0-0: Ball
1-0: Called Strike
1-1: Called Strike
1-2: Ball
2-2: Foul Ball, location: 2F
2-2: Fly out, F4 (Popup, 4D)
Bottom of the 8th over - 0 run(s), 1 hit(s), 0 error(s), 1 left on base; Boise 2 - Punta Cana 0
TOP OF THE 9TH
Boise White Sox batting - Pitching for Punta Cana Hutias : RHP Ed Castillo
Batting: RHB Clarence Harrison 0-0: SINGLE (Groundball, 34D)
Batting: RHB Bill Spence 0-0: Called Strike
0-1: Ball
1-1: Sac Bunt - play at first, batter OUT! 3-4
Clarence Harrison to second
Batting: LHB Jorge Martínez 0-0: Intentional Walk
Pinch Hitting: LHB Patrick Ferguson 0-0: Ball
1-0: Swinging Strike
1-1: Called Strike
1-2: Ball
2-2: Foul Ball, location: 2F
2-2: Grounds into double play, 4-6-3 (Groundball, 4)
Top of the 9th over - 0 run(s), 1 hit(s), 0 error(s), 1 left on base; Boise 2 - Punta Cana 0
BOTTOM OF THE 9TH
Punta Cana Hutias batting - Pitching for Boise White Sox : RHP Jim Rawnsley
Pitching: RHP Juan Figueroa
Now at 3B: Armando Bernard
Batting: SHB Alonso Contrera 0-0: Called Strike
0-1: Ball
1-1: Swinging Strike
1-2: Foul Ball, location: 2F
1-2: Ball
2-2: Foul Ball, location: 2F
2-2: Foul Ball, location: 2F
2-2: Strikes out swinging
Batting: LHB Gustavo Gómez 0-0: Called Strike
0-1: Foul Ball, location: 2F
0-2: Strikes out looking
Batting: RHB Ron Campbell 0-0: Ball
1-0: Foul Ball, location: 2F
1-1: Swinging Strike
1-2: Foul Ball, location: 2F
1-2: Strikes out looking
Bottom of the 9th over - 0 run(s), 0 hit(s), 0 error(s), 0 left on base; Boise 2 - Punta Cana 0
Monday, December 5th, 2016 - OOTP Baseball 17.12 Build 75